 Dungeon Sprint DCSS version 0.28.0-53-g5a82cb258f (webtiles) character file.

Game seed: 13262039234917318617

4900000 Zeld the Intangible (level 23, -30/201 HPs)
             Began as a Djinni Monk on June 5, 2022.
             Was the Champion of Makhleb.
             Killed by the air
             ... invoked by a tyrant
              (35 damage)
             ... in the Dungeon (Sprint VIII: "Arena of Blood").
             The game lasted 00:01:48 (49 turns).

Zeld the Intangible (Djinni Monk)                     Turns: 49, Time: 00:01:50

Health: -30/201    AC:  3    Str: 18    XL:     23   Next: 8%
Gold:   0          EV: 27    Int: 16    God:    Makhleb [******] SH:  0 Dex: 15

rFire   + + .      SeeInvis .   g - +∞ Axe of Woe
rCold   x . .      Faith    .   (shield currently unavailable)
rNeg    . . .      Spirit   .   a - +0 robe
rPois   ∞          Reflect  .   (no helmet)
rElec   .          Harm     .   (no cloak)
rCorr   .          Rampage  .   (no gloves)
Will    ++...      NoTele   +   (boots unavailable)
Stlth   ++........              (no amulet)
HPRegen 0.43/turn               (no ring)
MPRegen 0.00/turn               (no ring)

@: flying
A: sickness immunity, fire resistance 2, cold vulnerability 1, float, innate
caster, HP casting, extra vitality 1
a: Renounce Religion, Minor Destruction, Lesser Servant of Makhleb, Major
Destruction, Greater Servant of Makhleb


You were in the Dungeon.
You worshipped Makhleb.
Makhleb was exalted by your worship.
You visited 1 branch

Inventory:

Hand Weapons
 g - the +∞ Axe of Woe (weapon)
   (You found it in the Dungeon)
Armour
 a - a +0 robe (worn)
Potions
 b - a potion of curing
 c - a potion of heal wounds
 d - a potion of haste
 e - a potion of berserk rage


   Skills:
 O Level 27 Fighting
 + Level 15.0(17.5) Short Blades
 + Level 15.0(17.5) Long Blades
 O Level 27 Axes
 + Level 13.8(23.2) Maces & Flails
 + Level 13.8(23.2) Polearms
 + Level 14.2(19.1) Staves
 + Level 13.1(15.3) Slings
 + Level 13.1 Bows
 + Level 13.1 Crossbows
 + Level 13.1(15.3) Throwing
 + Level 15.4 Armour
 O Level 27 Dodging
 - Level 1.5 Stealth
 + Level 15.4 Shields
 - Level 3.0 Unarmed Combat
 O Level 27 Spellcasting
 O Level 27 Invocations
 + Level 15.4 Evocations


You had 26 spell levels left.
You knew the following spells:

 Your Spells              Type           Power      Damage    Failure   Level
a - Pain                  Necr           100%       1d9       0%          1
b - Corpse Rot            Necr/Air       100%       N/A       0%          2
c - Teleport Other        Tloc           82%        N/A       0%          3
d - Conjure Flame         Conj/Fire      82%        6-21      0%          3
e - Hailstorm             Conj/Ice       82%        3d17      0%          4
f - Summon Forest         Summ/Tloc      41%        N/A       0%          5
g - Death Channel         Necr           41%        N/A       0%          6
h - Eringya's Noxious Bo  Tmut/Pois      41%        N/A       0%          6
i - Statue Form           Tmut/Erth      54%        N/A       0%          6
j - Dragon Form           Tmut           41%        N/A       1%          7
k - Storm Form            Tmut/Air       41%        N/A       1%          7
Your spell library was empty.

Dungeon Overview and Level Annotations

Branches:
Dungeon (1/1)

Altars:
Makhleb


Innate Abilities, Weirdness & Mutations

You are immune to sickness and miasma.
You are immune to poison.
Your flesh is very heat resistant. (rF++)
You are vulnerable to cold. (rC-)
You float through the air rather than walking.
You learn spells naturally, not from books.
Your magical power is your life essence.
You have superior vitality. (+4 MHP)


Message History

The destroyer shouts!
You batter the destroyer!!
The destroyer is lightly damaged.
You hear a shout!
The meat berserker rages.
You hear a shout!
A destroyer comes into view. It is wielding a +9 vorpal great sword.
The destroyer is engulfed in blazing flames.
The destroyer hits you with a +9 vorpal great sword!!!!!
Ouch! That really hurt!
* * * LOW HITPOINT WARNING * * *
x2 The destroyer completely misses you.
You hear a shout! x3
Blink to where?
Press: ? - help, Dir - move target A meat berserker and a large bag of meat come into view.
Found an agate ring.
As you read the scroll of blinking, it crumbles to dust.
The meat berserker shouts!
You hear a shout!
The bag of meat is engulfed in blazing flames.
The meat berserker rages.
The destroyer is engulfed in blazing flames.
The destroyer points at you and mumbles some strange words.
The destroyer blinks!
You hear a shout! x3
A meat berserker comes into view. It is wielding a +9 battleaxe.
You hear a shout!
The destroyer is engulfed in blazing flames.
You hear a shout!
The large bag of meat shouts in stereo!
Aiming: Blinkbolt
Press: ? - help, Dir - move target, f - sculptor of flesh
Aim: a sculptor of flesh, wielding a +9 great sword and wearing a +250 ring of slaying (92% to hit)
Okay, then.
Your transformation has ended.
The +∞ Axe of Woe unmelds from your body.
Your +0 robe unmelds from your body.
You hear a shout! x6
The tyrant waves its bony arms in wide circles.
The air twists around and strikes you!!
You die...

.###..○§§))###...
#..§z°L°#.....
#..)°○o.#....
.....O.OV......
...............
..............#
.......V...z##..
..#........#. .z
..........@#..
.#.........O...
............O..
..#....O####...
......... ..
.........
....=....
##########


You could see a tyrant, 2 destroyers, 2 sculptors of flesh, a large bag of meat
(inner flame), 4 meat berserkers and a bag of meat.

Vanquished Creatures
  A royal mummy (D)
  A vampire knight (D)
  17 ogres (D)
  3 two-headed ogres (D)
  2 hydras (D)
  38 orcs (D)
  2 skeletal warriors (D)
64 creatures vanquished.

Notes
Turn   | Place    | Note
-------+----------+-------------------------------------------
     0 | D        | Found the +∞ Axe of Woe
     0 | D        | Zeld the Djinni Monk began the quest for the Orb.
     0 | D        | Reached XP level 1. HP: 20/20 MP: 0/0
     1 | D        | Noticed a meat berserker
     4 | D        | Became a worshipper of Makhleb the Destroyer
     4 | D        | Reached * piety under Makhleb
     4 | D        | Reached ** piety under Makhleb
     4 | D        | Noticed a bag of meat
     5 | D        | Killed a meat berserker
     5 | D        | Noticed a meat berserker
     6 | D        | Reached skill level 15 in Fighting
     6 | D        | Reached XP level 2. HP: 4/43 MP: 0/0
     6 | D        | Reached XP level 3. HP: 5/49 MP: 0/0
     6 | D        | Learned a level 1 spell: Pain
     6 | D        | Reached XP level 4. HP: 6/55 MP: 0/0
     6 | D        | Reached XP level 5. HP: 6/60 MP: 0/0
     6 | D        | Learned a level 2 spell: Corpse Rot
     6 | D        | Reached XP level 6. HP: 7/67 MP: 0/0
     6 | D        | Reached XP level 7. HP: 8/72 MP: 0/0
     6 | D        | Learned a level 3 spell: Teleport Other
     6 | D        | Reached XP level 8. HP: 8/78 MP: 0/0
     6 | D        | Reached XP level 9. HP: 9/84 MP: 0/0
     6 | D        | Learned a level 3 spell: Conjure Flame
     6 | D        | Reached XP level 10. HP: 10/90 MP: 0/0
     6 | D        | Reached XP level 11. HP: 10/95 MP: 0/0
     6 | D        | Learned a level 4 spell: Hailstorm
     6 | D        | Reached XP level 12. HP: 11/102 MP: 0/0
     7 | D        | Killed a bag of meat
     7 | D        | Noticed a bag of meat
     8 | D        | Reached skill level 10 in Spellcasting
     8 | D        | Reached XP level 13. HP: 9/111 MP: 0/0
     8 | D        | Learned a level 5 spell: Summon Forest
     8 | D        | Noticed a meat berserker
     9 | D        | Killed a meat berserker
     9 | D        | Noticed a bag of meat
    10 | D        | Reached skill level 15 in Invocations
    10 | D        | Reached XP level 14. HP: 10/121 MP: 0/0
    10 | D        | Killed a bag of meat
    10 | D        | Reached *** piety under Makhleb
    11 | D        | Noticed a meat berserker
    11 | D        | Noticed a meat berserker
    11 | D        | Noticed a bag of meat
    12 | D        | Killed a meat berserker
    12 | D        | Noticed a meat berserker
    12 | D        | Noticed a meat berserker
    12 | D        | Noticed a bag of meat
    13 | D        | Reached XP level 15. HP: 34/131 MP: 0/0
    13 | D        | Learned a level 6 spell: Death Channel
    15 | D        | Reached skill level 15 in Axes
    15 | D        | Killed a meat berserker
    15 | D        | Reached **** piety under Makhleb
    15 | D        | Killed a meat berserker
    16 | D        | Reached XP level 16. HP: 125/144 MP: 0/0
    16 | D        | Noticed a meat berserker
    16 | D        | Noticed a meat berserker
    17 | D        | Killed a meat berserker
    17 | D        | Reached ***** piety under Makhleb
    17 | D        | Killed a meat berserker
    18 | D        | Reached XP level 17. HP: 156/156 MP: 0/0
    18 | D        | Learned a level 6 spell: Eringya's Noxious Bog
    18 | D        | Noticed a meat berserker
    19 | D        | Reached skill level 27 in Dodging
    19 | D        | Noticed a meat berserker
    20 | D        | Killed a meat berserker
    20 | D        | Noticed a meat berserker
    21 | D        | Reached skill level 27 in Fighting
    21 | D        | Reached XP level 18. HP: 139/167 MP: 0/0
    21 | D        | Killed a meat berserker
    23 | D        | Killed a meat berserker
    23 | D        | Reached ****** piety under Makhleb
    24 | D        | Reached XP level 19. HP: 174/174 MP: 0/0
    24 | D        | Learned a level 6 spell: Statue Form
    24 | D        | Noticed a large bag of meat
    24 | D        | Noticed a meat berserker
    26 | D        | Reached skill level 27 in Invocations
    26 | D        | Noticed a large bag of meat
    26 | D        | Killed a meat berserker
    27 | D        | Reached skill level 27 in Axes
    27 | D        | Killed a meat berserker
    27 | D        | Noticed an eight-headed meat hydra
    27 | D        | Noticed an eight-headed meat hydra
    28 | D        | Reached skill level 27 in Spellcasting
    28 | D        | Reached XP level 20. HP: 181/181 MP: 0/0
    28 | D        | Noticed a meat berserker
    28 | D        | Noticed a meat berserker
    29 | D        | Killed a large bag of meat
    30 | D        | Noticed a meat berserker
    30 | D        | Noticed a large bag of meat
    31 | D        | Killed a meat berserker
    32 | D        | Reached XP level 21. HP: 98/187 MP: 0/0
    32 | D        | Learned a level 7 spell: Dragon Form
    32 | D        | Noticed a meat berserker
    33 | D        | Killed a nine-headed meat hydra
    34 | D        | Reached skill level 10 in Short Blades
    34 | D        | Reached skill level 10 in Long Blades
    34 | D        | Reached skill level 10 in Armour
    34 | D        | Reached skill level 10 in Shields
    34 | D        | Reached skill level 10 in Evocations
    34 | D        | Killed a meat berserker
    35 | D        | Noticed a destroyer
    35 | D        | Killed a large bag of meat
    35 | D        | Killed a meat berserker
    36 | D        | Reached skill level 10 in Staves
    36 | D        | Killed a meat berserker
    37 | D        | Reached skill level 10 in Maces & Flails
    37 | D        | Reached skill level 10 in Polearms
    38 | D        | Noticed a destroyer
    39 | D        | Reached skill level 10 in Slings
    39 | D        | Reached skill level 10 in Bows
    39 | D        | Reached skill level 10 in Crossbows
    39 | D        | Reached skill level 10 in Throwing
    39 | D        | Killed a meat berserker
    40 | D        | Killed a nine-headed meat hydra
    41 | D        | Reached XP level 22. HP: 190/194 MP: 0/0
    41 | D        | Killed a destroyer
    42 | D        | Killed a large bag of meat
    42 | D        | Noticed a destroyer
    43 | D        | Noticed a destroyer
    44 | D        | Noticed an accursed
    44 | D        | Killed an accursed
    45 | D        | Reached skill level 15 in Armour
    45 | D        | Reached skill level 15 in Shields
    45 | D        | Reached skill level 15 in Evocations
    45 | D        | Reached XP level 23. HP: 186/201 MP: 0/0
    45 | D        | Learned a level 7 spell: Storm Form
    46 | D        | Reached skill level 15 in Short Blades
    46 | D        | Reached skill level 15 in Long Blades
    46 | D        | Noticed a tyrant
    46 | D        | Noticed a destroyer
    47 | D        | Noticed a destroyer
    47 | D        | HP: 4/201 [destroyer/+9 vorpal great sword (35)]
    48 | D        | Noticed a large bag of meat
    49 | D        | Killed from afar by a tyrant

Illustrated notes

Levels and vault maps discovered:
D:        meatsprint

Skill      XL: |  1  2  3  4  5  6  7  8  9 10 11 12 13 14 15 16 17 18 19 20 21 22 23 |
---------------+----------------------------------------------------------------------+-----
Fighting       | 15 16 18 20 22 25 27 | 27.0
Axes           | 11 13 14 16 19 21 24 27 | 27.0
Dodging        | 16 17 19 21 24 26 27 | 27.0
Spellcasting   | 9 10 12 13 16 18 20 21 27 | 27.0
Invocations    | 12 13 15 17 20 22 24 26 27 | 27.0
Short Blades   | 9 11 14 15 | 15.0
Long Blades    | 9 11 14 15 | 15.0
Maces & Flails | 8 11 13 | 13.8
Polearms       | 8 11 13 | 13.8
Staves         | 8 11 14 | 14.2
Slings         | 7 10 12 13 | 13.1
Bows           | 7 10 12 13 | 13.1
Crossbows      | 7 10 12 13 | 13.1
Throwing       | 7 10 12 13 | 13.1
Armour         | 9 12 15 | 15.4
Shields        | 9 12 15 | 15.4
Evocations     | 9 12 15 | 15.4
Stealth        | |  1.5
Unarmed Combat | |  3.0

Action                   |  1- 3 |  4- 6 |  7- 9 | 10-12 | 13-15 | 16-18 | 19-21 | 22-24 || total
-------------------------+-------+-------+-------+-------+-------+-------+-------+-------++-------
Melee: Executioner's axe |     1 |       |       |     1 |     5 |     5 |    13 |     4 ||    29
       Unarmed           |       |       |       |       |       |       |       |     1 ||     1
 Cast: Hailstorm         |       |       |       |     1 |       |       |       |       ||     1
       Storm Form        |       |       |       |       |       |       |       |     1 ||     1
 Abil: End Transformatio |       |       |       |       |       |       |       |     1 ||     1
  Use: Scroll            |       |       |       |       |       |       |       |     1 ||     1
Dodge: Dodged            |       |       |       |       |       |     1 |       |     1 ||     2
